 Dungeon Crawl Stone Soup version 0.29.1-15-g9cfb28693d (webtiles) character file.

Game seed: 4505148520587491963

4895 KamiKatze the Thaumaturge (level 10, -15/50 HPs)
             Began as a Deep Elf Conjurer on Mar 10, 2023.
             Was an Initiate of Vehumet.
             Shot with an arrow by a centaur warrior (16 damage)
             ... on level 8 of the Dungeon on Mar 11, 2023.
             The game lasted 00:40:16 (9495 turns).

KamiKatze the Thaumaturge (Deep Elf Conjurer)       Turns: 9495, Time: 00:40:17

Health: -15/50     AC:  7    Str:  4    XL:     10   Next: 26%
Magic:  6/25       EV: 12    Int: 28    God:    Vehumet [......]
Gold:   444        SH:  9    Dex: 13    Spells: 14/28 levels left

rFire   . . .      SeeInvis .   a - +2 whip (elec)
rCold   . . .      Faith    .   v - +0 buckler
rNeg    . . .      Spirit   .   O - +0 steam dragon scales
rPois   .          Reflect  +   I - +0 helmet
rElec   .          Harm     .   (no cloak)
rCorr   +          Rampage  .   (no gloves)
Will    ++...                   F - +0 pair of boots
Stlth   ++........              R - amulet of reflection
HPRegen 0.16/turn               d - ring of resist corrosion
MPRegen 0.19/turn               D - ring of willpower

@: no status effects
A: no striking features
a: Renounce Religion


You were on level 8 of the Dungeon.
You worshipped Vehumet.
Vehumet was noncommittal.
You visited 2 branches of the dungeon, and saw 9 of its levels.
You also visited: Sewer.

You collected 444 gold pieces.

Inventory:

Hand Weapons
 a - a +2 whip of electrocution (weapon)
 w - a +0 dagger
Missiles
 E - 27 poisoned darts (quivered)
 J - a curare-tipped dart
Armour
 f - a +0 robe
 v - a +0 buckler (worn)
 F - a +0 pair of boots (worn)
 I - a +0 helmet (worn)
 O - +0 steam dragon scales (worn)
Magical Staves
 i - a staff of poison
Jewellery
 d - a ring of resist corrosion (left hand)
 k - a +4 ring of slaying
 m - an amulet of the acrobat
 D - a ring of willpower (right hand)
 R - an amulet of reflection (around neck)
Wands
 s - a wand of flame (10)
 G - a wand of roots (10)
 K - a wand of charming (5)
 N - a wand of mindburst (9)
Scrolls
 g - 2 scrolls of amnesia {unknown}
 j - a scroll of enchant armour {unknown}
 o - 2 scrolls of teleportation
 q - a scroll of immolation {unknown}
 t - a scroll of brand weapon {unknown}
 u - 5 scrolls of fog
 y - 3 scrolls of poison
 A - 3 scrolls of fear {unknown}
 L - a scroll of enchant weapon {unknown}
 M - 2 scrolls of blinking {unknown}
 P - a scroll of magic mapping
 Q - 2 scrolls of vulnerability {unknown}
Potions
 b - a potion of magic
 c - a potion of resistance {unknown}
 e - 3 potions of brilliance
 h - 6 potions of heal wounds
 l - a potion of attraction {unknown}
 n - a potion of ambrosia {unknown}
 p - 4 potions of might
 r - a potion of lignification {unknown}
 x - 3 potions of haste
 z - 4 potions of cancellation
 B - 2 potions of curing
 C - a potion of berserk rage
 H - 4 potions of mutation


   Skills:
 - Level 2.0 Throwing
 - Level 3.0 Dodging
 - Level 3.0 Stealth
 + Level 1.6 Shields
 * Level 9.5 Spellcasting
 * Level 8.8 Conjurations
 * Level 9.0 Hexes
 * Level 7.4 Translocations
 - Level 3.0 Air Magic
 - Level 3.0 Poison Magic
 - Level 2.0 Evocations


You had 14 spell levels left.
You knew the following spells:

 Your Spells              Type           Power      Damage    Failure   Level
a - Magic Dart            Conj           100%       1d8       1%          1
b - Searing Ray           Conj           100%       2d8       1%          2
c - Fulminant Prism       Conj/Hex       29%        3d14      1%          4
d - Iskenderun's Mystic   Conj/Tloc      56%        2d12      1%          4
m - Mephitic Cloud        Conj/Pois/Air  40%        N/A       2%          3

Your spell library contained the following spells:

 Spells                   Type           Power      Damage    Failure   Level
 Slow                     Hex            100%       N/A       1%          1
 Confusing Touch          Hex            59%        N/A       1%          3
 Dazzling Flash           Conj/Hex       100%       N/A       1%          3
 Stone Arrow              Conj/Erth      76%        3d11      2%          3
 Necrotise                Necr           52%        1d6       5%          1
 Sandblast                Erth           26%        2d8       5%          1
 Call Imp                 Summ           13%        N/A       9%          2
 Passwall                 Tmut/Erth      10%        N/A       9%          2
 Ignite Poison            Fire/Tmut/Pois 18%        N/A       11%         3
 Ozocubu's Armour         Ice            13%        N/A       17%         3
 Vampiric Draining        Necr           13%        2d6       17%         3
 Metabolic Englaciation   Hex/Ice        19%        N/A       24%         5
 Freezing Cloud           Conj/Ice/Air   17%        6-21      30%         5
 Agony                    Necr           13%        N/A       83%         5
 Simulacrum               Ice/Necr       6%         N/A       100%        6


Dungeon Overview and Level Annotations

Branches:
Dungeon (8/15)             Temple (1/1) D:4           Sewer (visited)
   Lair: D:8-11

Altars:
Ashenzari
Cheibriados
Dithmenos
Elyvilon
Fedhas
Gozag
Hepliaklqana
Kikubaaqudgha
Makhleb
Nemelex Xobeh
Okawaru
Qazlal
Ru
Sif Muna
Trog
Uskayaw
Vehumet
Wu Jian
Xom
Yredelemnul
Zin
The Shining One

Shops:
D:4 (


Message History

The mystic blast hits the centaur warrior!
The centaur warrior is heavily wounded.
The centaur warrior is knocked back by the mystic blast.
Unknown command.
You block the deep elf pyromancer's attack.
Casting: Iskenderun's Mystic Blast (dangerous; 2% risk of failure)
Confirm with . or Enter, or press ? or * to list all spells.
You erupt in a blast of force!
The mystic blast hits the centaur warrior but does no damage.
The centaur warrior is heavily wounded.
The mystic blast hits the deep elf pyromancer.
The deep elf pyromancer is severely wounded.
The deep elf pyromancer is knocked back by the mystic blast.
The deep elf pyromancer collides with the centaur warrior!
The deep elf pyromancer is almost dead.
Unknown command.
Casting: Iskenderun's Mystic Blast (dangerous; 2% risk of failure)
Confirm with . or Enter, or press ? or * to list all spells.
You erupt in a blast of force!
The mystic blast hits the centaur warrior.
The centaur warrior is severely wounded.
The centaur warrior is knocked back by the mystic blast.
The centaur warrior slams into the rock wall!
The mystic blast hits the deep elf pyromancer!
You kill the deep elf pyromancer!
Vehumet accepts your kill.
Your Hexes skill increases to level 9!
The centaur warrior wields a +0 shortbow.
The centaur warrior shoots an arrow.
The arrow hits you!
* * * LOW HITPOINT WARNING * * *
The centaur warrior shoots an arrow.
The arrow hits you!
* * * LOW HITPOINT WARNING * * *
Items here: $ ) / = [.
Casting: Iskenderun's Mystic Blast (dangerous; 1% risk of failure)
Confirm with . or Enter, or press ? or * to list all spells.
You erupt in a blast of force!
The mystic blast hits the centaur warrior but does no damage.
The centaur warrior is severely wounded.
The centaur warrior shoots an arrow.
The arrow hits you!
You die...

....##........#
#########.######## #.........#
... #.#######.# ... # #.# #.#
#.# ## #.# #.# #)# # .## #.#
#.#.###.#.# ..## ##.# #.#
....#.# ...####..#
#@#..#....###..
...+.....#######......<....'..
...####.........c#..#....###..
..## ##.###.#####.......# .##
### #.# #.######
############.## #.# #
#§≈§≈§§.....# # #
##≈###§#.###.# #..'_§§..# #.#


You could see a centaur warrior.

Vanquished Creatures
  A centaur warrior (D:8)
  A deep elf pyromancer (D:8)
  An orc sorcerer (D:8)
  A hornet (D:7)
  Eustachio (D:6)
  3 steam dragons
  3 water moccasins
  A sky beast (D:7)
  A black bear (D:6)
  An ice beast (D:8)
  An ogre (D:4)
  2 centaurs
  2 phantoms
  2 kobold brigands
  3 bullfrogs
  A necrophage (D:6)
  A gnoll sergeant (D:7)
  4 killer bees (D:7)
  2 howler monkeys
  An electric eel (D:8)
  4 hounds (D:7)
  6 orc priests
  2 jellies (D:6)
  Natasha (thrice) (D:2)
  3 iguanas
  4 orc wizards
  10 adders
  15 gnolls
  6 river rats (Sewer)
  A shadow imp (D:7)
  A white imp (D:7)
  3 worms
  4 dart slugs
  27 orcs
  2 bats (D:1)
  6 endoplasms
  6 giant cockroaches
  4 goblins
  3 hobgoblins (D:4)
  8 jackals
  30 kobolds
  3 quokkas
  6 ball pythons
  9 frilled lizards
  26 rats
225 creatures vanquished.

Vanquished Creatures (others)
  An ice beast (D:7)
  An orc (D:7)
  37 fulminant prisms
39 creatures vanquished.

Grand Total: 264 creatures vanquished

Notes
Turn   | Place    | Note
-------+----------+-------------------------------------------
     0 | D:1      | KamiKatze the Deep Elf Conjurer began the quest for the
                  | Orb.
     0 | D:1      | Reached XP level 1. HP: 10/10 MP: 6/6
   289 | D:1      | Reached skill level 1 in Hexes
   289 | D:1      | Reached XP level 2. HP: 15/15 MP: 1/8
   292 | D:1      | Learned a level 2 spell: Searing Ray
   916 | D:2      | Reached skill level 1 in Translocations
   916 | D:2      | Reached XP level 3. HP: 11/19 MP: 1/10
   917 | D:2      | Reached XP level 4. HP: 14/24 MP: 0/11
  1233 | D:2      | Noticed Natasha
  1274 | D:2      | Killed Natasha
  1419 | D:2      | Found an ancient bone altar of Kikubaaqudgha.
  1635 | D:2      | Noticed Natasha
  1639 | D:2      | Killed Natasha
  1640 | D:2      | Reached skill level 5 in Conjurations
  1640 | D:2      | Reached XP level 5. HP: 20/28 MP: 9/13
  1661 | D:2      | Learned a level 4 spell: Fulminant Prism
  1666 | D:2      | Learned a level 4 spell: Iskenderun's Mystic Blast
  2088 | D:2      | Noticed Natasha
  2094 | D:2      | Killed Natasha
  2802 | D:3      | Found a burning altar of Makhleb.
  2838 | D:3      | Found a faded altar of an unknown god.
  3313 | D:4      | Found Dakired's Weapon Shoppe.
  3380 | D:4      | Reached XP level 6. HP: 32/32 MP: 9/15
  3394 | D:4      | Found a glowing drain.
  3507 | Sewer    | Entered a sewer
  3690 | Sewer    | Reached skill level 5 in Spellcasting
  4558 | D:4      | You fall into a shaft and drop 3 floors!
  4577 | D:5      | Entered Level 5 of the Dungeon
  4581 | D:5      | Reached XP level 7. HP: 36/36 MP: 6/17
  4781 | D:5      | Found a glowing golden altar of the Shining One.
  4782 | D:5      | Found a glowing silver altar of Zin.
  4783 | D:5      | Found a white marble altar of Elyvilon.
  4944 | D:4      | Found a staircase to the Ecumenical Temple.
  4950 | Temple   | Entered the Ecumenical Temple
  5449 | D:5      | Learned a level 3 spell: Mephitic Cloud
  5464 | D:5      | Reached skill level 5 in Hexes
  5665 | D:5      | Found a shimmering altar of Xom.
  5666 | D:5      | Found a hazy altar of Hepliaklqana.
  5667 | D:5      | Noticed a spectral ugly thing
  6170 | D:6      | Noticed a steam dragon
  6209 | D:6      | Found a shimmering blue altar of Sif Muna.
  6209 | D:6      | Found a hide-covered altar of Uskayaw.
  6209 | D:6      | Found a shadowy altar of Dithmenos.
  6209 | D:6      | Found an ancient bone altar of Kikubaaqudgha.
  6217 | D:6      | Reached skill level 1 in Throwing
  6217 | D:6      | Reached skill level 1 in Evocations
  6217 | D:6      | Reached XP level 8. HP: 39/41 MP: 10/19
  6233 | D:6      | Noticed Eustachio
  6293 | D:6      | Killed Eustachio
  6400 | D:6      | Reached skill level 5 in Translocations
  7412 | D:7      | Reached XP level 9. HP: 40/45 MP: 10/22
  7937 | D:7      | Reached skill level 1 in Air Magic
  7937 | D:7      | Reached skill level 1 in Poison Magic
  8098 | D:7      | Found a radiant altar of Vehumet.
  8106 | D:7      | Became a worshipper of Vehumet
  8125 | D:7      | Found an iron altar of Okawaru.
  8626 | D:8      | Found a blossoming altar of Fedhas.
  8745 | D:8      | Found a basalt altar of Yredelemnul.
  8971 | D:8      | Reached skill level 1 in Shields
  8986 | D:8      | Noticed a centaur warrior
  9001 | D:8      | Killed a centaur warrior
  9002 | D:8      | Reached XP level 10. HP: 10/50 MP: 13/25
  9178 | D:8      | Noticed an orc sorcerer
  9185 | D:8      | Killed an orc sorcerer
  9204 | D:8      | Noticed a deep elf pyromancer
  9486 | D:8      | Noticed a centaur warrior
  9493 | D:8      | Killed a deep elf pyromancer
  9494 | D:8      | HP: 1/50 [centaur warrior/arrow (15)]
  9495 | D:8      | Shot with an arrow by a centaur warrior

Illustrated notes

Levels and vault maps discovered:
D:1:      heliophobic_arrival_henge, layout_basic, minmay_liquid_box,
          minmay_box_of_dots
D:2:      cheibrodos_pilgrimage, layout_basic, basic_altar,
          grunt_decor_mini_mirrors, uniq_natasha
D:3:      layout_basic, mainiacjoe_overflow_alcove_4,
          ebering_ecumenical_altar_mist
D:4:      layout_basic, minmay_temple_entry_waves, gup_sewer_entry_glass,
          serial_shops, nicolae_shop_bloodbath_and_beyond,
          chequers_serial_rivers_large_a, st_stairs_6
D:5:      layout_rooms, good_gods_temple_1, regret_index_temple_of_mockery
D:6:      layout_basic, chequers_temple_overflow_statue_of_worship,
          uniq_eustachio
D:7:      layout_basic, fiery_altar_vehumet, okawaru_trees_2,
          kennysheep_small_square
D:8:      layout_loops_corners, kennysheep_mini_moat, nrook_pool_corridor,
          hangedman_feature_mirror, minmay_misc_feat_four_crosses,
          minmay_the_grid_2x2 [minmay_the_grid_box_x,
          minmay_the_grid_broken_lines, minmay_the_grid_tri_star,
          minmay_the_grid_prize_big_room]
Temple:   hellmonk_temple_rainy

Skill      XL: |  1  2  3  4  5  6  7  8  9 10 |
---------------+-------------------------------+-----
Hexes          | 1 2 3 4 5 7 8 9 |  9.0
Translocations | 1 2 3 4 5 7 |  7.4
Stealth        | 3 |  3.0
Dodging        | 3 |  3.0
Spellcasting   | 4 5 6 7 9 |  9.5
Conjurations   | 5 6 7 8 |  8.8
Throwing       | 1 2 |  2.0
Evocations     | 1 2 |  2.0
Air Magic      | 2 3 |  3.0
Poison Magic   | 3 |  3.0
Shields        | 1 |  1.6

Action                   |  1- 3 |  4- 6 |  7- 9 | 10-12 || total
-------------------------+-------+-------+-------+-------++-------
Melee: Dagger            |     1 |     3 |     1 |       ||     5
       Whip              |       |       |     6 |       ||     6
 Cast: Magic Dart        |    25 |    91 |    66 |       ||   182
       Searing Ray       |     2 |    24 |    32 |     1 ||    59
       Fulminant Prism   |       |     3 |    31 |     3 ||    37
       Iskenderun's Myst |       |     5 |    14 |     4 ||    23
  Use: Scroll            |       |     4 |     8 |       ||    12
       Potion            |       |       |     1 |       ||     1
 Stab: Sleeping          |     1 |     1 |     1 |       ||     3
Armor: Robe              |     1 |     1 |       |       ||     2
       Steam dragon scal |       |       |     5 |       ||     5
Dodge: Dodged            |     3 |    28 |    37 |       ||    68
Block: Buckler           |       |       |     7 |     2 ||     9
